Map: Acid Plant LE

Players

Optimus - Winner!

  • Race: Terran Terran
  • Spawn Location: 5:00

Cyan

  • Race: Protoss Protoss
  • Spawn Location: 11:00

Event: WCS Leipzig 2018

VOD

Have the link to the VOD?

Description

Time

  • Played on: Jan. 26, 2018, 10:35 a.m.
  • Length: 11:15

All games in this series

Show
View Real Time Build Order
Export as new Build Order

Optimus Terran - Winner!

Build Orders: Gas First Reaper Expand, Liberator Opening, Reaper Expand, MMM Bio 

Get SALT Encoding   

  12  0:00  SCV  
  13  0:12  SCV  
  14  0:18  Supply Depot  
  14  0:24  SCV  
  15  0:28  Refinery  
  15  0:40  SCV  
  16  0:44  Barracks  
  16  0:52  SCV  
  18  1:04  SCV  
  18  1:16  SCV  
  19  1:31  Orbital Command, Reaper  
  20  1:43  Command Center  
  20  1:55  Factory  
  20  1:59  SCV  
  21  2:06  Barracks Reactor  
  21  2:10  Supply Depot  
  21  2:12  SCV  
  22  2:17  Refinery  
  22  2:24  SCV  
  23  2:36  SCV  
  24  2:44  Marine x2  
  24  2:46  Starport  
  24  2:48  SCV  
  24  2:49  Widow Mine  
  29  3:00  SCV  
  29  3:02  Orbital Command, Marine x2  
  32  3:11  Widow Mine  
  34  3:13  SCV  
  35  3:20  Marine x2  
  35  3:23  Medivac  
  35  3:25  SCV  
  39  3:29  Supply Depot  
  40  3:34  Widow Mine  
  40  3:35  SCV  
  40  3:37  SCV  
  40  3:39  Marine x2  
  44  3:43  Liberator  
  44  3:47  SCV  
  45  3:51  Barracks  
  45  3:55  Barracks  
  45  4:02  Factory Tech Lab  
  48  4:06  SCV  
  48  4:08  SCV  
  50  4:10  Barracks Tech Lab  
  50  4:12  Supply Depot  
  50  4:16  Engineering Bay  
  50  4:19  SCV  
  51  4:26  SCV  
  51  4:29  Marine, Stimpack  
  51  4:31  SCV  
  54  4:33  Factory Reactor  
  54  4:37  Refinery  
  54  4:43  Terran Infantry Weapons Level 1  
  54  4:45  SCV x2  
  56  4:46  Supply Depot  
  56  4:47  Marine  
  56  4:48  Marine  
  56  4:49  Starport Reactor  
  58  4:57  SCV x2  
  58  4:59  Marauder  
  62  5:06  Barracks  
  62  5:08  Marauder  
  62  5:09  Barracks  
  64  5:16  Widow Mine x2  
  64  5:19  Supply Depot  
  68  5:23  Refinery  
  68  5:24  Marine x2  
  70  5:29  Supply Depot  
  70  5:34  Combat Shields  
  70  5:40  SCV x2  
  72  5:42  Medivac  
  72  5:43  Medivac  
  72  5:46  Marine  
  72  5:47  Marine  
  78  5:51  Supply Depot  
  78  5:52  SCV  
  78  5:53  Barracks Reactor  
  78  5:55  Barracks Tech Lab  
  79  5:59  Marauder  
  79  6:01  Marauder  
  83  6:04  Supply Depot  
  83  6:08  Marine x2  
  85  6:13  Widow Mine x2  
  85  6:17  Marauder  
  91  6:20  Marauder  
  93  6:26  Marauder  
  93  6:29  Supply Depot  
  95  6:32  Medivac  
  95  6:33  Medivac  
  95  6:36  Concussive Shells  
  95  6:38  Marine  
  95  6:39  Marauder  
  102  6:45  Terran Infantry Armor Level 1  
  102  6:47  Liberator  
  102  6:50  Marine x3, Marauder  
  110  7:10  Liberator  
  110  7:11  Marine x2  
  110  7:13  Marine  
  110  7:16  Supply Depot  
  110  7:18  Marine, Marauder x2  
  118  7:30  Marauder  
  118  7:37  Marine x4  
  118  7:40  Marauder x2  
  118  7:42  Supply Depot  
  126  7:51  Liberator  
  126  7:53  Liberator  
  126  7:56  Marine  
  126  7:57  Marauder  
  126  8:01  Marauder x2  
  119  8:13  Marine  
  119  8:19  Marauder  
  116  8:22  Marauder x2  
  116  8:23  Marine  
  116  8:24  Marine  
  109  8:37  Marine  
  109  8:39  Widow Mine x2, Liberator  
  109  8:40  Marauder  
  108  8:41  Liberator  
  108  8:44  Marauder  
  108  8:46  Marine x3  
  108  8:47  Marauder  
  115  9:01  Marauder  
  121  9:05  Widow Mine, Marauder  
  121  9:08  Widow Mine  
  127  9:19  Marauder  
  127  9:22  Liberator  
  127  9:23  Marauder  
  128  9:29  Liberator  
  128  9:30  Marauder  
  129  9:34  Marine x2  
  131  9:43  Marauder  
  133  9:51  Marauder  
  134  9:54  Marine  
  134  9:56  Marauder  
  128  10:01  Marine  
  128  10:05  Marauder  
  125  10:13  Marauder, Marine x2  
  117  10:18  Marauder  
  117  10:20  Marine  
  120  10:22  Medivac  
  120  10:26  Marauder  
  120  10:28  Marine  
  125  10:29  Medivac  
Show
View Real Time Build Order
Export as new Build Order

Cyan Protoss 

Build Orders: 1 Gate Expand 

Get SALT Encoding   

  12  0:00  Probe  
  13  0:12  Probe  
  14  0:18  Pylon  
  14  0:24  Probe (Chrono Boost)  
  15  0:37  Probe (Chrono Boost)  
  15  0:39  Gateway  
  16  0:44  Probe (Chrono Boost)  
  16  0:46  Assimilator  
  17  0:51  Probe  
  18  1:03  Probe  
  19  1:15  Probe  
  20  1:23  Nexus  
  20  1:33  Cybernetics Core  
  20  1:37  Probe  
  21  1:44  Assimilator  
  21  1:49  Probe  
  21  1:51  Pylon  
  23  2:01  Probe  
  23  2:08  Adept (Chrono Boost)  
  23  2:10  Warp Gate  
  23  2:13  Probe  
  26  2:21  Robotics Facility  
  26  2:25  Probe  
  27  2:33  Stalker  
  27  2:35  Probe (Chrono Boost)  
  30  2:40  Probe (Chrono Boost)  
  31  2:48  Probe (Chrono Boost)  
  33  2:51  Probe (Chrono Boost)  
  33  2:55  Probe (Chrono Boost)  
  33  2:56  Probe (Chrono Boost)  
  35  3:02  Probe  
  36  3:06  Probe  
  36  3:09  Observer  
  38  3:13  Gateway  
  38  3:14  Probe  
  38  3:16  Gateway  
  38  3:18  Probe  
  40  3:24  Pylon  
  40  3:28  Probe  
  40  3:33  Probe  
  40  3:34  Observer (Chrono Boost)  
  43  3:40  Probe, Assimilator  
  44  3:43  Assimilator  
  44  3:46  Probe, Twilight Council  
  44  3:47  Forge  
  45  3:52  Probe, Pylon  
  45  3:55  Observer (Chrono Boost)  
  47  3:58  Probe  
  48  4:04  Probe  
  48  4:09  Observer  
  49  4:10  Probe  
  49  4:12  Stalker  
  49  4:13  Stalker  
  49  4:14  Stalker  
  49  4:16  Probe  
  58  4:17  Blink, Protoss Ground Armor Level 1 (Chrono Boost)  
  58  4:23  Probe  
  59  4:28  Probe  
  60  4:33  Observer  
  60  4:36  Probe  
  61  4:44  Pylon  
  61  4:50  Nexus  
  61  4:54  Pylon  
  61  5:05  Immortal  
  61  5:06  Gateway  
  65  5:11  Observer  
  65  5:12  Gateway  
  65  5:14  Sentry x2  
  67  5:17  Stalker  
  71  5:22  Gateway  
  71  5:30  Gateway  
  71  5:39  Probe x2  
  71  5:40  Gateway  
  71  5:41  Observer, Gateway  
  73  5:48  Immortal  
  77  5:53  Robotics Bay  
  77  6:00  Pylon  
  77  6:05  Stalker x2  
  77  6:10  Stalker  
  77  6:11  Probe x3  
  86  6:12  Charge  
  86  6:13  Protoss Ground Weapons Level 1 (Chrono Boost)  
  86  6:23  Pylon  
  86  6:24  Stalker  
  87  6:27  Stalker  
  87  6:30  Shield Battery, Observer  
  90  6:35  Shield Battery  
  90  6:36  Stalker  
  90  6:39  Stalker  
  94  6:46  Zealot x3  
  100  6:51  Probe x2  
  102  7:03  Stalker x3  
  103  7:12  Zealot x3  
  105  7:20  Extended Thermal Lance (Chrono Boost)  
  105  7:26  Pylon  
  105  7:33  Probe x2  
  105  7:34  Probe  
  108  7:37  Pylon  
  114  7:54  Pylon  
  114  8:02  Zealot x5  
  116  8:08  Zealot x3  
  94  8:32  Probe  
  94  8:34  Pylon  
  89  8:36  Robotics Facility  
  89  8:37  Pylon  
  89  8:41  Stalker x3, Protoss Ground Weapons Level 2 (Chrono Boost)  
  95  8:47  Probe x2  
  97  8:51  Gateway  
  97  8:56  Stalker, Photon Cannon  
  97  9:00  Stalker x2  
  103  9:10  Robotics Facility  
  103  9:14  Zealot x3  
  109  9:23  Zealot  
  109  9:24  Zealot x2  
  113  9:26  Colossus (Chrono Boost)  
  113  9:36  Zealot x3  
  96  9:50  Stalker x3  
  92  9:57  Zealot  
  92  9:58  Zealot x2, Pylon  
  94  10:09  Colossus (Chrono Boost)  
  80  10:19  Sentry, Zealot  
  84  10:23  Sentry  
  86  10:29  Stalker  
  88  10:40  Stalker, Zealot  
  90  10:44  Pylon  
  74  10:51  Zealot x2  
  74  10:59  Stalker  
  74  11:03  Stalker  
  78  11:10  Stalker x2  
Tags
 
Add a new tag
Caveats
  • Supply blocks, unpowered buildings, or Contaminate may cause inaccurate times.
  • Supply counts are checked every 10 seconds.